MLB
HOUSTON ASTROS @ NEW YORK (N) METS
05/26/2042
 
TOP OF THE 1ST
Houston Astros batting - Pitching for New York (N) Mets : RHP Mike Flynn
Pitching: RHP Mike Flynn
Batting: RHB José Archuleta 0-0: Ball
1-0: Ground out 6-3 (Groundball, 6, EV 86.3 MPH)
Batting: RHB Cam Crouch 0-0: Called Strike
0-1: Ball
1-1: Swinging Strike
1-2: SINGLE (Line Drive, 89M, EV 90.0 MPH)
Batting: LHB José Robles 0-0: 2-RUN HOME RUN (Flyball, 89XD, EV 112.5 MPH), Distance : 431 ft
Batting: RHB Ángelo Guzmán 0-0: Ground out 4-3 (Groundball, 34, EV 91.9 MPH)
Batting: RHB Adrián Juárez 0-0: Called Strike
0-1: Ground out 6-3 (Groundball, 6D, EV 103.8 MPH)
Top of the 1st over - 2 runs, 2 hits, 0 errors, 0 left on base; Houston 2 - New York (N) 0
BOTTOM OF THE 1ST
New York (N) Mets batting - Pitching for Houston Astros : RHP Ted Valéncia
Pitching: RHP Ted Valéncia
Batting: RHB Pat Rice 0-0: Foul Ball, location: 25F
0-1: Ball
1-1: Ground out 5-3 (Groundball, 56S, EV 70.6 MPH)
Batting: RHB Eric Fairchild 0-0: Called Strike
0-1: Ball
1-1: Ball
2-1: Ground out 5-3 (Groundball, 56S, EV 70.6 MPH)
Batting: LHB Danny Kerr 0-0: Ball
1-0: Swinging Strike
1-1: Foul Ball, location: 3FF
1-2: Strikes out looking
Bottom of the 1st over - 0 runs, 0 hits, 0 errors, 0 left on base; Houston 2 - New York (N) 0
TOP OF THE 2ND
Houston Astros batting - Pitching for New York (N) Mets : RHP Mike Flynn
Batting: RHB Ethan Sutton 0-0: Fly out, F7 (Flyball, 7LS, EV 93.1 MPH)
Batting: RHB Kokushi Uemura 0-0: Foul Ball, location: 9LDF
0-1: Swinging Strike
0-2: Strikes out looking
Batting: RHB Manny Castillo 0-0: Foul Ball, location: 7LMF
0-1: SINGLE (Line Drive, 56D, EV 103.1 MPH)
Batting: LHB Ismael Camacho 0-0: SINGLE (Groundball, 4D, EV 100.6 MPH)
Manny Castillo to second
Runner from 2nd tries for 3rd, SAFE, throw by CF made to third
Batting: RHB José Archuleta 0-0: Fly out, F9 (Flyball, 9LS, EV 97.5 MPH)
Top of the 2nd over - 0 runs, 2 hits, 0 errors, 2 left on base; Houston 2 - New York (N) 0
BOTTOM OF THE 2ND
New York (N) Mets batting - Pitching for Houston Astros : RHP Ted Valéncia
Batting: RHB Ottavio Attene 0-0: Called Strike
0-1: Ground out 4-3 (Groundball, 4, EV 101.9 MPH)
Batting: RHB Jeff Ford 0-0: Called Strike
0-1: Ball
1-1: Foul Ball, location: 2F
1-2: Strikes out swinging
Batting: LHB Jim Bond 0-0: Ball
1-0: Ground out 4-3 (Groundball, 34, EV 89.4 MPH)
Bottom of the 2nd over - 0 runs, 0 hits, 0 errors, 0 left on base; Houston 2 - New York (N) 0
TOP OF THE 3RD
Houston Astros batting - Pitching for New York (N) Mets : RHP Mike Flynn
Batting: RHB Cam Crouch 0-0: Called Strike
0-1: Called Strike
0-2: Fly out, F8 (Flyball, 8LD, EV 94.4 MPH)
Batting: LHB José Robles 0-0: Ball
1-0: Called Strike
1-1: Ball
2-1: Swinging Strike
2-2: Foul Ball, location: 3F
2-2: Strikes out swinging
Batting: RHB Ángelo Guzmán 0-0: Swinging Strike
0-1: Foul Ball, location: 2F
0-2: SINGLE (Line Drive, 89S, EV 107.5 MPH)
Batting: RHB Adrián Juárez 0-0: Called Strike
Ángelo Guzmán steals 2nd base
0-1: Foul Ball, location: 9LDF
0-2: Ball
1-2: Strikes out swinging
Top of the 3rd over - 0 runs, 1 hit, 0 errors, 1 left on base; Houston 2 - New York (N) 0
BOTTOM OF THE 3RD
New York (N) Mets batting - Pitching for Houston Astros : RHP Ted Valéncia
Batting: SHB Mike Winston 0-0: Swinging Strike
0-1: Swinging Strike
0-2: Foul Ball, location: 2LF
0-2: Ball
1-2: Ball
2-2: Foul Ball, location: 9LSF
2-2: Strikes out swinging, 2-3 out at first.
Batting: RHB Jeremy Lowe 0-0: Foul Ball, location: 3F
0-1: Ball
1-1: Called Strike
1-2: Foul Ball, location: 9LSF
1-2: Ground out 6-3 (Groundball, 6M, EV 85.6 MPH)
Batting: RHB Don Cole 0-0: Ball
1-0: Ground out 6-3 (Groundball, 6, EV 98.1 MPH)
Bottom of the 3rd over - 0 runs, 0 hits, 0 errors, 0 left on base; Houston 2 - New York (N) 0
TOP OF THE 4TH
Houston Astros batting - Pitching for New York (N) Mets : RHP Mike Flynn
Batting: RHB Ethan Sutton 0-0: Ball
1-0: Ground out 5-3 (Groundball, 5, EV 83.1 MPH)
Batting: RHB Kokushi Uemura 0-0: Called Strike
0-1: Foul Ball, location: 5F
0-2: Foul Ball, location: 5F
0-2: Ball
1-2: Foul Ball, location: 2F
1-2: Strikes out swinging
Batting: RHB Manny Castillo 0-0: Called Strike
0-1: Swinging Strike
0-2: Ball
1-2: Strikes out swinging
Top of the 4th over - 0 runs, 0 hits, 0 errors, 0 left on base; Houston 2 - New York (N) 0
BOTTOM OF THE 4TH
New York (N) Mets batting - Pitching for Houston Astros : RHP Ted Valéncia
Batting: RHB Pat Rice 0-0: Ball
1-0: Ground out 5-3 (Groundball, 56, EV 95.6 MPH)
Batting: RHB Eric Fairchild 0-0: Ball
1-0: SINGLE (Line Drive, 8RS, EV 101.3 MPH)
Batting: LHB Danny Kerr 0-0: Called Strike
Eric Fairchild is caught stealing 2nd base 2-6
0-1: Foul Ball, location: 7LSF
0-2: Foul Ball, location: 2F
0-2: Foul Ball, location: 2F
0-2: Ball
1-2: SINGLE (Line Drive, 6MD, EV 105.0 MPH)
Batting: RHB Ottavio Attene 0-0: Ball
1-0: Called Strike
1-1: Foul Ball, location: 5DF
1-2: Strikes out swinging
Bottom of the 4th over - 0 runs, 2 hits, 0 errors, 1 left on base; Houston 2 - New York (N) 0
TOP OF THE 5TH
Houston Astros batting - Pitching for New York (N) Mets : RHP Mike Flynn
Batting: LHB Ismael Camacho 0-0: Ground out 6-3 (Groundball, 6, EV 83.8 MPH)
Batting: RHB José Archuleta 0-0: Fly out, F9 (Line Drive, 89M, EV 95.0 MPH)
Batting: RHB Cam Crouch 0-0: Foul Ball, location: 9LMF
0-1: Ball
1-1: Ground out 4-3 (Groundball, 34D, EV 103.8 MPH)
Top of the 5th over - 0 runs, 0 hits, 0 errors, 0 left on base; Houston 2 - New York (N) 0
BOTTOM OF THE 5TH
New York (N) Mets batting - Pitching for Houston Astros : RHP Ted Valéncia
Batting: RHB Jeff Ford 0-0: Foul Ball, location: 2F
0-1: Foul Ball, location: 2F
0-2: Ball
1-2: Ball
2-2: Strikes out swinging
Batting: LHB Jim Bond 0-0: Called Strike
0-1: Ball
1-1: Foul Ball, location: 2F
1-2: Strikes out looking
Batting: SHB Mike Winston 0-0: Ball
1-0: Ball
2-0: Foul Ball, location: 2F
2-1: Foul Ball, location: 7LSF
2-2: Ball
3-2: Ground out 6-3 (Groundball, 6, EV 76.3 MPH)
Bottom of the 5th over - 0 runs, 0 hits, 0 errors, 0 left on base; Houston 2 - New York (N) 0
TOP OF THE 6TH
Houston Astros batting - Pitching for New York (N) Mets : RHP Mike Flynn
Batting: LHB José Robles 0-0: Ball
1-0: DOUBLE (Line Drive, 7LS, EV 104.4 MPH)
Batting: RHB Ángelo Guzmán 0-0: Ball
1-0: Called Strike
1-1: Ball
2-1: Ball
3-1: Base on Balls
Batting: RHB Adrián Juárez 0-0: Called Strike
0-1: Called Strike
0-2: Foul Ball, location: 3F
0-2: Ball
1-2: Strikes out swinging
Batting: RHB Ethan Sutton 0-0: Called Strike
0-1: Swinging Strike
0-2: Foul Ball, location: 2F
0-2: Ball
1-2: Foul Ball, location: 23F
1-2: Foul Ball, location: 5F
1-2: Fly out, F8 (Flyball, 89M, EV 91.9 MPH)
Batting: RHB Kokushi Uemura 0-0: Swinging Strike
0-1: Called Strike
0-2: Ball
1-2: Foul Ball, location: 3F
1-2: Ball
2-2: Ball
3-2: Foul Ball, location: 2F
3-2: Base on Balls
José Robles to third
Ángelo Guzmán to second
Batting: RHB Manny Castillo 0-0: Ball
1-0: Ball
2-0: Called Strike
2-1: Ball
3-1: Called Strike
3-2: Ground out 5-3 (Groundball, 56, EV 82.5 MPH)
Top of the 6th over - 0 runs, 1 hit, 0 errors, 3 left on base; Houston 2 - New York (N) 0
BOTTOM OF THE 6TH
New York (N) Mets batting - Pitching for Houston Astros : RHP Ted Valéncia
Batting: RHB Jeremy Lowe 0-0: Called Strike
0-1: Foul Ball, location: 5FF
0-2: Foul Ball, location: 7LSF
0-2: Ball
1-2: Fly out, F4 (Line Drive, 4, EV 71.3 MPH)
Batting: RHB Don Cole 0-0: Foul Ball, location: 23F
0-1: SINGLE (Groundball, 34D, EV 106.3 MPH)
Batting: RHB Pat Rice 0-0: Called Strike
Don Cole steals 2nd base
0-1: Called Strike
0-2: Ball
1-2: Foul Ball, location: 5F
1-2: Foul Ball, location: 7LMF
1-2: Ball
2-2: SINGLE (Line Drive, 9LS, EV 111.3 MPH)
Don Cole to third
Batting: RHB Eric Fairchild 0-0: Fielders Choice at home, 4-2 (Groundball, 6, EV 88.1 MPH)
Pat Rice to second
Batting: LHB Danny Kerr 0-0: Called Strike
0-1: Ball
1-1: Ball
2-1: Called Strike
2-2: Strikes out looking
Bottom of the 6th over - 0 runs, 2 hits, 0 errors, 2 left on base; Houston 2 - New York (N) 0
TOP OF THE 7TH
Houston Astros batting - Pitching for New York (N) Mets : RHP Mike Flynn
Batting: LHB Ismael Camacho 0-0: Swinging Strike
0-1: Foul Ball, location: 3F
0-2: Strikes out looking
Batting: RHB José Archuleta 0-0: Ball
1-0: Called Strike
1-1: Called Strike
1-2: Ball
2-2: Ball
3-2: Ground out 4-3 (Groundball, 4, EV 83.1 MPH)
Batting: RHB Cam Crouch 0-0: Foul Ball, location: 23FF
0-1: Fly out, F8 (Flyball, 8RM, EV 86.3 MPH)
Top of the 7th over - 0 runs, 0 hits, 0 errors, 0 left on base; Houston 2 - New York (N) 0
BOTTOM OF THE 7TH
New York (N) Mets batting - Pitching for Houston Astros : RHP Ted Valéncia
Batting: RHB Ottavio Attene 0-0: Foul Ball, location: 2F
0-1: Ball
1-1: Swinging Strike
1-2: Ball
2-2: Ground out 6-3 (Groundball, 6M, EV 104.4 MPH)
Batting: RHB Jeff Ford 0-0: Swinging Strike
0-1: Called Strike
0-2: Strikes out swinging
Batting: LHB Jim Bond 0-0: Ball
1-0: Ball
2-0: Ball
3-0: Called Strike
3-1: Called Strike
3-2: Strikes out looking
Bottom of the 7th over - 0 runs, 0 hits, 0 errors, 0 left on base; Houston 2 - New York (N) 0
TOP OF THE 8TH
Houston Astros batting - Pitching for New York (N) Mets : RHP Mike Flynn
Batting: LHB José Robles 0-0: Ball
1-0: Foul Ball, location: 3FF
1-1: SINGLE (Line Drive, 6MD, EV 98.8 MPH)
Batting: RHB Ángelo Guzmán 0-0: Ball
1-0: Ball
2-0: DOUBLE (Line Drive, 9LM, EV 95.6 MPH)
José Robles to third
Pinch Runner at 2nd António Garza:
Batting: RHB Adrián Juárez 0-0: Intentional Walk
Batting: RHB Ethan Sutton 0-0: Ball
1-0: Grounds into double play, 4-2-3 (Groundball, 4S, EV 88.1 MPH)
António Garza to third
Adrián Juárez to second
Pinch Hitting: LHB Joe Rivera 0-0: Ball
1-0: Foul Ball, location: 7LMF
1-1: Ball
2-1: Foul Ball, location: 7LMF
2-2: Ball
3-2: Base on Balls
Batting: RHB Manny Castillo 0-0: Ball
1-0: Swinging Strike
1-1: Foul Ball, location: 2F
1-2: Strikes out looking
Top of the 8th over - 0 runs, 2 hits, 0 errors, 3 left on base; Houston 2 - New York (N) 0
BOTTOM OF THE 8TH
New York (N) Mets batting - Pitching for Houston Astros : RHP Ted Valéncia
Pitching: RHP José Menéndez
Now at SS: José Mercado
Now in LF: Joe Rivera
Batting: SHB Mike Winston 0-0: Called Strike
0-1: Called Strike
0-2: Ground out U3 (Groundball, 3, EV 85.0 MPH)
Batting: RHB Jeremy Lowe 0-0: SINGLE (Line Drive, 8LS, EV 92.5 MPH)
Batting: RHB Don Cole 0-0: Fly out, F4 (Popup, 4, EV 71.9 MPH)
Batting: RHB Pat Rice 0-0: Ground out U3 (Groundball, 23, EV 93.1 MPH)
Bottom of the 8th over - 0 runs, 1 hit, 0 errors, 1 left on base; Houston 2 - New York (N) 0
TOP OF THE 9TH
Houston Astros batting - Pitching for New York (N) Mets : RHP Mike Flynn
Batting: LHB Ismael Camacho 0-0: Ball
1-0: Called Strike
1-1: Ground out 4-3 (Groundball, 4, EV 86.9 MPH)
Pitching: RHP Ron Boyer
Batting: RHB José Archuleta 0-0: Called Strike
0-1: Called Strike
0-2: Reached via error on a dropped throw from SS, E3 (Groundball, 6, EV 77.5 MPH)
Batting: RHB Cam Crouch 0-0: Called Strike
0-1: Called Strike
0-2: Ball
1-2: Strikes out swinging
Batting: LHB José Robles 0-0: Ball
José Archuleta is caught stealing 2nd base 2-6
Top of the 9th over - 0 runs, 0 hits, 1 error, 0 left on base; Houston 2 - New York (N) 0
BOTTOM OF THE 9TH
New York (N) Mets batting - Pitching for Houston Astros : RHP José Menéndez
Pitching: RHP José Reyes
Batting: RHB Eric Fairchild 0-0: Called Strike
0-1: Foul Ball, location: 9LMF
0-2: Strikes out swinging
Batting: LHB Danny Kerr 0-0: Ball
1-0: Ball
2-0: Ball
3-0: Called Strike
3-1: Base on Balls
Batting: RHB Ottavio Attene 0-0: Fly out, F8 (Flyball, 8LXD, EV 111.3 MPH)
Batting: RHB Jeff Ford 0-0: Ball
1-0: Called Strike
1-1: Swinging Strike
1-2: Foul Ball, location: 9LDF
1-2: Strikes out swinging
Bottom of the 9th over - 0 runs, 0 hits, 0 errors, 1 left on base; Houston 2 - New York (N) 0
Monday, April 29th , 2024 - OOTP Baseball 24.10 Build 82